 Dungeon Crawl Stone Soup version 0.27.1-34-g3ba077fa99 (webtiles) character file.

Game seed: 5026156428299546257

2649 zeram the Cleaver (level 9, -1/78 HPs)
             Began as a Hill Orc Fighter on Jan 24, 2022.
             Was an Initiate of Gozag.
             Slain by a gargoyle (15 damage)
             ... on level 7 of the Dungeon.
             The game lasted 00:17:36 (8931 turns).

zeram the Cleaver (Hill Orc Fighter)                Turns: 8931, Time: 00:17:36

Health: -1/78      AC: 17    Str: 24    XL:     9   Next: 62%
Magic:  9/9        EV:  6    Int:  8    God:    Gozag
Gold:   122        SH: 11    Dex: 10    Spells: 8/8 levels left

rFire    . . .     SeeInvis .   h - +2 hand axe (vorpal)
rCold    . . .     Faith    .   c - +0 kite shield
rNeg     . . .     Spirit   .   d - +0 plate armour of Somewhere Else {+Inv Str+2 Stlth-}
rPois    .         Reflect  .   x - +2 hat
rElec    .         Harm     .   (no cloak)
rCorr    .         Rampage  .   n - +1 pair of gloves
Will     .....                  (no boots)
Stlth    ..........             (no amulet)
HPRegen  0.23/turn              (no ring)
MPRegen  0.11/turn              (no ring)

@: no status effects
A: no striking features
a: Renounce Religion, Evoke Invisibility, Potion Petition, Call Merchant, Bribe
Branch


You were on level 7 of the Dungeon.
You worshipped Gozag.
Gozag was aware of your devotion.
You visited 2 branches of the dungeon, and saw 8 of its levels.

You collected 499 gold pieces.
You spent 270 gold pieces at shops.
You paid 107 gold pieces to Gozag.

Inventory:

Hand Weapons
 a - a +0 war axe
 h - a +2 vorpal hand axe (weapon)
 r - a +2 whip of freezing
 s - a +1 hand axe of holy wrath
Missiles
 f - 9 poisoned darts (quivered)
Armour
 b - a +0 scale mail
 c - a +0 kite shield (worn)
 d - the +0 plate armour of Somewhere Else (worn) {+Inv Str+2 Stlth-}
   (You took it off an orc warrior on level 5 of the Dungeon)

   Str:       It affects your strength (+2).
   +Inv:      It lets you turn invisible.
   Stlth:     It makes you less stealthy.
 n - a +1 pair of gloves (worn)
 x - a +2 hat (worn)
Wands
 l - a wand of flame (43)
 q - a wand of polymorph (8)
 w - a wand of paralysis (9)
 y - a wand of acid (6)
Scrolls
 k - a scroll of blinking
 o - 2 scrolls of fog
Potions
 e - 3 potions of curing
 g - a potion of haste
 i - 2 potions of degeneration
 j - a potion of heal wounds
 m - a potion of lignification
 p - a potion of invisibility
 t - a potion of brilliance
 u - 2 potions of ambrosia
 v - a potion of magic


   Skills:
 + Level 6.7 Fighting
 + Level 10.2 Axes
 + Level 0.4 Throwing
 + Level 7.8 Armour
 + Level 2.1 Dodging
 + Level 7.2 Shields


You had 8 spell levels left.
You didn't know any spells.
Your spell library contained the following spells:

 Spells                   Type           Power      Damage    Failure   Level
 Summon Small Mammal      Summ           0%         N/A       100%        1
 Call Canine Familiar     Summ           0%         N/A       100%        3
 Dazzling Flash           Conj/Hex       0%         N/A       100%        3
 Summon Guardian Golem    Hex/Summ       0%         N/A       100%        3
 Agony                    Necr           0%         N/A       100%        5
 Silence                  Hex/Air        0%         N/A       100%        5


Dungeon Overview and Level Annotations

Branches:
Dungeon (7/15)             Temple (1/1) D:6

Altars:
Cheibriados
Elyvilon
Fedhas
Gozag
Hepliaklqana
Kikubaaqudgha
Makhleb
Nemelex Xobeh
Okawaru
Qazlal
Ru
Sif Muna
Uskayaw
Wu Jian
Xom
Zin
The Shining One
Beogh

Shops:
D:3 ?   D:4 *   D:7 [[

Annotations:
D:3 1 transporter
D:5 Eustachio
D:7 2 runed translucent doors


Message History

You block the stone arrow.
You hit the gargoyle but do no damage.
The gargoyle is heavily damaged.
You block the gargoyle's attack.
You hit the gargoyle but do no damage.
The gargoyle is heavily damaged.
The gargoyle hits you with a +6 quarterstaff!
You barely miss the gargoyle.
The gargoyle is heavily damaged.
The gargoyle hurls a stone arrow at you.
The stone arrow misses you.
You hit the gargoyle but do no damage.
The gargoyle is heavily damaged.
The gargoyle closely misses you.
You hit the gargoyle.
The gargoyle is severely damaged.
The gargoyle hurls a stone arrow at you.
You block the stone arrow.
You hit the gargoyle.
The gargoyle is severely damaged.
The gargoyle hits you with a +6 quarterstaff!
You barely miss the gargoyle.
The gargoyle is severely damaged.
The gargoyle closely misses you.
You hit the gargoyle but do no damage.
The gargoyle is severely damaged.
The gargoyle barely misses you.
You hit the gargoyle but do no damage.
The gargoyle is severely damaged.
The gargoyle hurls a stone arrow at you.
The stone arrow hits you!!
* * * LOW HITPOINT WARNING * * *
You hit the gargoyle but do no damage.
The gargoyle is severely damaged.
You block the gargoyle's attack.
You hit the gargoyle but do no damage.
The gargoyle is severely damaged.
The gargoyle hits you with a +6 quarterstaff!
You die...
Your body crumbles into a pile of gold.

##########........##...
.........########## ..
..............#...#
..............#.8.#
......§##.....#§§.#
.......§#######§§.#####
######§§§§§§§§§§§.....#
..#...§§§§§§§§§§#..._.#
..'....§§§§§§§§§@9....#
###'##.§#######§..#####
#..>..§##.....#.§.###
#..)..........#._.#.#
#.............#...#.#
#.............#####.#
#...................#
#........#####......#
#........#...'......#


You could see a gargoyle.

Vanquished Creatures
  Pikel (D:4)
  Grinder (D:5)
  A water moccasin (D:7)
  A black bear (D:7)
  An orc warrior (D:5)
  2 ice beasts
  4 ogres
  3 lemures
  2 scorpions
  A bullfrog (D:5)
  A water moccasin skeleton (D:5)
  4 wights
  A centaur zombie (D:7)
  2 bullfrog skeletons
  2 bullfrog zombies
  3 hounds
  A centaur skeleton (D:4)
  2 orc priests
  A gnoll shaman (D:5)
  3 iguanas
  3 orc wizards
  A scorpion zombie (D:5)
  The ghost of cbfl8 the Sneak, a weakling MiDe (D:5)
  7 gnolls
  A howler monkey skeleton (D:5)
  4 adders
  A white imp (D:7)
  An ufetubus (D:5)
  3 worms
  2 dart slugs
  22 orcs
  9 ball pythons
  5 endoplasms
  5 giant cockroaches
  8 goblins
  3 hobgoblins
  8 jackals (D:4)
  6 kobolds
  7 quokkas
  6 bats
  A frilled lizard (D:1)
  8 rats
149 creatures vanquished.

Vanquished Creatures (others)
  A plant (D:3)
1 creature vanquished.

Grand Total: 150 creatures vanquished

Notes
Turn   | Place    | Note
-------+----------+-------------------------------------------
     0 | D:1      | zeram the Hill Orc Fighter began the quest for the Orb.
     0 | D:1      | Reached XP level 1. HP: 19/19 MP: 1/1
   310 | D:1      | Reached XP level 2. HP: 27/27 MP: 2/2
   426 | D:1      | Reached skill level 3 in Axes
   548 | D:1      | Reached XP level 3. HP: 33/33 MP: 3/3
   810 | D:1      | Found a faded altar of an unknown god.
  1403 | D:2      | Reached XP level 4. HP: 40/40 MP: 4/4
  1895 | D:3      | Found Sewu's Magic Scroll Shop.
  1915 | D:3      | Found a transporter.
  1918 | D:3      | Found a transporter.
  1933 | D:3      | Found a snail-covered altar of Cheibriados.
  2016 | D:3      | Found a shimmering blue altar of Sif Muna.
  2066 | D:3      | Reached skill level 4 in Axes
  2174 | D:3      | Found a sparkling altar of Nemelex Xobeh.
  2174 | D:3      | Found a transporter.
  2332 | D:3      | Reached XP level 5. HP: 12/47 MP: 5/5
  2828 | D:4      | Found Bofaweh's General Store.
  2873 | D:4      | Reached skill level 5 in Axes
  3587 | D:4      | Reached XP level 6. HP: 43/53 MP: 6/6
  3761 | D:4      | Found a stormy altar of Qazlal.
  3982 | D:4      | Found an ancient bone altar of Kikubaaqudgha.
  4456 | D:5      | Entered Level 5 of the Dungeon
  4605 | D:5      | Noticed Pikel
  4613 | D:5      | Reached skill level 1 in Dodging
  4870 | D:4      | Killed Pikel
  4871 | D:4      | Reached skill level 5 in Fighting
  4871 | D:4      | Reached skill level 7 in Axes
  4871 | D:4      | Reached skill level 5 in Armour
  4871 | D:4      | Reached skill level 5 in Shields
  4871 | D:4      | Reached XP level 7. HP: 18/61 MP: 7/7
  4871 | D:4      | Reached XP level 8. HP: 20/69 MP: 8/8
  5348 | D:5      | Found an iron altar of Okawaru.
  5425 | D:5      | Found a shimmering altar of Xom.
  5650 | D:5      | Found a runed translucent gate.
  5651 | D:5      | Found a runed translucent gate.
  5652 | D:5      | Found a runed translucent gate.
  5656 | D:5      | Identified the +3 scale mail of the Engineer {Int+3 Stlth+}
  5658 | D:5      | Noticed cbfl8's ghost (weakling MiDe)
  5659 | D:5      | Identified the +0 plate armour of Somewhere Else {+Inv
                  | Str+2 Stlth-}
  5660 | D:5      | Found a roughly hewn altar of Beogh.
  5788 | D:5      | Killed cbfl8's ghost
  6042 | D:6      | Reached skill level 8 in Axes
  6179 | D:6      | Noticed Eustachio
  6184 | D:6      | Noticed Grinder
  6390 | D:5      | Reached skill level 9 in Axes
  6606 | D:5      | Reached XP level 9. HP: 52/75 MP: 9/9
  6619 | D:5      | Killed Grinder
  7619 | D:6      | Found a staircase to the Ecumenical Temple.
  7785 | Temple   | Entered the Ecumenical Temple
  8089 | Temple   | Became a worshipper of Gozag Ym Sagoz the Greedy
  8446 | D:7      | Reached skill level 10 in Axes
  8521 | D:7      | Found Dimumal's Antique Armour Boutique.
  8656 | D:7      | Found a large runed translucent door.
  8657 | D:7      | Found a large runed translucent door.
  8839 | D:7      | Found Ykou's Antique Armour Shop.
  8859 | D:7      | Bought a pair of embroidered gloves for 270 gold pieces
  8905 | D:7      | Noticed a gargoyle
  8906 | D:7      | Found a faded altar of an unknown god.
  8907 | D:7      | Found a hazy altar of Hepliaklqana.
  8931 | D:7      | Slain by a gargoyle

Illustrated notes

Levels and vault maps discovered:
D:1:      dpeg_arrival_refuge, layout_basic, basic_ecumenical_altar,
          serial_park_tiny_2, minmay_tiny_reverse_x
D:2:      layout_basic, minmay_misc_feat_room, chequers_serial_rivers_small_b,
          chequers_serial_rivers_micro_a
D:3:      gammafunk_wand_slinger, layout_rooms, cheibriados_altar_1,
          mainiacjoe_overflow_boulevard, grunt_nemelex_the_gamble, serial_shops,
          nicolae_shop_behind_doors, kennysheep_generic_room_14
D:4:      layout_layer_cave, lemuel_doored_altar,
          nicolae_qazlal_general_emergency, nicolae_stop_n_shop_1,
          kennysheep_generic_room_12
D:5:      layout_basic, mainiacjoe_overflow_alcove_4,
          mainiacjoe_overflow_cross_hatched, biasface_ghost_orc_armoury,
          uniq_pikel
D:6:      layout_rooms, temple_doors_ab, uniq_grinder, uniq_eustachio
D:7:      layout_gridville, beargit_hepliaklqana_dungeon_heroes,
          jmf_multi_god_temple2, serial_shops, shop_fountains, shop
Temple:   compressed_dpeg_triangle_lava_temple

Skill      XL: |  1  2  3  4  5  6  7  8  9 |
---------------+----------------------------+-----
Axes           | 3 4 5 7 9 10 | 10.2
Fighting       | 4 5 6 |  6.7
Armour         | 4 5 7 |  7.8
Shields        | 4 5 6 7 |  7.2
Dodging        | 1 2 |  2.1
Throwing       | |  0.4

Action                   |  1- 3 |  4- 6 |  7- 9 || total
-------------------------+-------+-------+-------++-------
Melee: War axe           |    54 |       |       ||    54
       Hand axe          |    26 |   152 |   280 ||   458
       Unarmed           |       |    11 |       ||    11
Throw: Dart              |       |     6 |       ||     6
  Use: Scroll            |     2 |     3 |     9 ||    14
       Potion            |       |       |     1 ||     1
 Stab: Confused          |       |     2 |       ||     2
Armor: Scale mail        |    36 |    63 |     4 ||   103
       Skin              |       |     4 |       ||     4
       Plate armour      |       |       |   172 ||   172
Dodge: Dodged            |    15 |    61 |    90 ||   166
Block: Kite shield       |    31 |    93 |   206 ||   330
